 Dungeon Crawl Stone Soup version 0.16-a0-3625-g2624681 (webtiles) character file.

96951 PolkaDot the Black Belt (level 15, 0/123 HPs)
             Began as a White Draconian Monk on Jan 13, 2015.
             Was a High Priest of Okawaru.
             Slain by a red ugly thing (14 damage)
             ... on level 15 of the Dungeon on Jan 14, 2015.
             The game lasted 01:30:43 (27029 turns).

PolkaDot the Black Belt (White Draconian Monk)     Turns: 27029, Time: 01:30:43

Health: 0/123      AC: 14    Str: 17    XL:     15   Next: 70%
Magic:  40/40      EV: 18    Int: 18    God:    Okawaru [*****.]
Gold:   1314       SH:  0    Dex: 14    Spells: 4 memorised, 2 levels left

rFire  . . .     SeeInvis .       - Unarmed
rCold  + + .     Clarity  .     (armour unavailable)
rNeg   . . .     SustAb   .     (shield currently unavailable)
rPois  +         Gourm    .     (helmet restricted)
rElec  .         Spirit   .     C - +1 cloak {MR+}
rCorr  .         Warding  .     O - melded +0 pair of gloves
rMut   .         Stasis   +     m - +2 pair of boots of Greater Demons {+Blink +Rage +Inv rC+ Regen+ Slay+4}
MR     ++...                    X - amulet of stasis
Stlth  ++........               i - ring of Grut {Str+3 Slay+5}
                                L - ring of the Centipede {+/*Tele rPois+ MP+9 Slay+4}

@: blade hands, very resistant to hostile enchantments, unstealthy
A: breathe frost, unfitting armour, stinger 1, talons 1, clever 1, cold
resistance 1, cold-blooded, AC +9
a: Breathe Frost, End Transformation, Heroism, Finesse, Renounce Religion, Evoke
Blink, Evoke Berserk Rage, Evoke Invisibility, Evoke Teleportation


You were on level 15 of the Dungeon.
You worshipped Okawaru.
Okawaru was extremely pleased with you.
You were not hungry.
You had blades for hands.
You visited 3 branches of the dungeon, and saw 24 of its levels.
You visited 1 bazaar.
You also visited: Labyrinth and Ice Cave.

You collected 1678 gold pieces.
You spent 364 gold pieces at shops.

Inventory:

Armour
 m - the +2 pair of boots of Greater Demons (worn) {+Blink +Rage +Inv rC+ Regen+ Slay+4}
   (You found it on level 4 of the Dungeon)

   It affects your accuracy and damage with ranged weapons and melee attacks
   (+4).
   It protects you from cold.
   It lets you turn invisible.
   It lets you blink.
   It lets you go berserk.
   It increases your rate of regeneration.
 C - a +1 cloak of magic resistance (worn)
 O - a +0 pair of gloves (melded)
Rods
 b - a +0 lightning rod (9/9)
   (You found it on level 9 of the Dungeon)
Jewellery
 i - the ring of Grut (right scythe-like blade) {Str+3 Slay+5}
   (You found it on level 8 of the Dungeon)

   [ring of strength]

   It affects your strength (+3).
   It affects your accuracy and damage with ranged weapons and melee attacks
   (+5).
 o - an uncursed ring of sustain abilities
 L - the ring of the Centipede (left scythe-like blade) {+/*Tele rPois+ MP+9 Slay+4}
   (You bought it in a shop in a bazaar)

   [ring of teleportation]

   It causes random teleportation, and can be evoked to teleport at will.
   It affects your accuracy and damage with ranged weapons and melee attacks
   (+4).
   It protects you from poison.
   It affects your magic capacity (+9).
 X - an amulet of stasis (around neck)
Magical devices
 k - a wand of fireball (6)
 l - a wand of teleportation (1)
 u - a wand of disintegration (11)
 w - a wand of draining (4)
 x - a wand of lightning (4)
 J - a wand of fire (11)
 S - a wand of digging (9)
Scrolls
 c - 17 scrolls of remove curse
 d - 5 scrolls of amnesia
 e - 3 scrolls of enchant weapon
 f - a scroll of silence
 g - 7 scrolls of enchant armour
 n - 7 scrolls of teleportation
 s - 3 scrolls of immolation
 D - a scroll of summoning
 H - 4 scrolls of magic mapping
 K - 4 scrolls of recharging
 N - 5 scrolls of blinking
 Q - 7 scrolls of identify
 V - a scroll of vulnerability
 W - 4 scrolls of fog
Potions
 h - a potion of magic
 j - 3 potions of flight
 r - a potion of haste
 v - a potion of might
 z - 4 potions of invisibility
 B - 2 potions of restore abilities
 I - 2 potions of lignification
 M - 3 potions of curing
 U - 4 potions of agility
Books
 R - the Catalogue of Feathers
   (You found it in a labyrinth)

   Spells                             Type                      Level
   a - Shock                          Conjuration/Air              1
   b - Repel Missiles                 Charms/Air                   2
   c - Flight                         Charms/Air                   3
   d - Mephitic Cloud                 Conjuration/Poison/Air       3
   e - Deflect Missiles               Charms/Air                   6
   f - Tornado                        Air                          9
 T - a book of Enchantments

   Spells                             Type                      Level
   a - Tukima's Dance                 Hexes                        3
   b - Cause Fear                     Hexes                        4
   c - Silence                        Hexes/Air                    5
   d - Deflect Missiles               Charms/Air                   6
   e - Haste                          Charms                       6
   f - Discord                        Hexes                        8
 Y - a book of the Tempests

   Spells                             Type                      Level
   a - Static Discharge               Conjuration/Air              3
   b - Lightning Bolt                 Conjuration/Air              5
   c - Fireball                       Conjuration/Fire             5
   d - Tornado                        Air                          9
   e - Shatter                        Earth                        9
Comestibles
 a - 8 slices of pizza
 p - 4 fruits
 q - 9 meat rations
 t - a chunk of flesh
 E - 8 bread rations
 F - 8 beef jerkies
 P - a royal jelly


   Skills:
 * Level 8.6 Fighting
 + Level 9.9 Dodging
 - Level 1.7 Stealth
 + Level 19.1 Unarmed Combat
 - Level 10.0 Transmutations
 - Level 13.6 Evocations


You had 2 spell levels left.
You knew the following spells:

 Your Spells              Type           Power        Failure   Level  Hunger
a - Apportation           Tloc           #.........   63%         1    ##.....
b - Blade Hands           Trmt           #####.....   50%         5    ######.
c - Control Teleport      Chrm/Tloc      #.........   100%        4    #####..
q - Blink                 Tloc           N/A          77%         2    ###....


Dungeon Overview and Level Annotations

Branches:
Dungeon (15/15)            Temple (1/1) D:6            Lair (8/8) D:11
 Shoals (0/5) Lair:6       Spider (0/5) Lair:6        Slime (0/6) Lair:6
    Orc (0/4) D:10         Vaults (0/5) D:13
 Depths: D:15

Altars:
Ashenzari
Cheibriados
Dithmenos
Elyvilon
Fedhas
Gozag
Kikubaaqudgha
Makhleb
Nemelex Xobeh
Okawaru
Qazlal
Ru
Sif Muna
Trog
Vehumet
Xom
Yredelemnul
Zin
The Shining One
Jiyva

Shops:
D:9 !

Portals:
Trove: D:10 (give +6 demon whip)

Annotations:
D:8 runed door


Innate Abilities, Weirdness & Mutations

You can breathe waves of freezing cold.
You can buffet flying creatures when you breathe cold.
Your icy white scales are hard (AC +9).
Your body does not fit into most forms of armour.
Your flesh is cold resistant.
Your cold-blooded metabolism reacts poorly to cold.
Your tail ends in a poisonous barb.
You have sharp toenails.
Your mind is acute. (Int +2)


Message History

The red ugly thing is heavily wounded.
The red ugly thing pecks you.
* * * LOW HITPOINT WARNING * * *
You are engulfed in flames!!
* * * LOW HITPOINT WARNING * * *
The yaktaur wields an arbalest.
The yaktaur shoots a bolt.
The bolt barely misses you. The yaktaur barely misses you.
You see here an ugly thing corpse.
The yaktaur wields a glowing arbalest.
The yaktaur shoots a bolt.
The bolt hits you!
* * * LOW HITPOINT WARNING * * *
Things that are here:
a bolt; an ugly thing corpse Read which item? (? for menu, Esc to quit)
You cannot teleport because you are wearing an amulet of stasis.
The yaktaur shoots a bolt.
The bolt completely misses you. The red ugly thing pecks you!
* * * LOW HITPOINT WARNING * * *
You are engulfed in flames!
You die...

..........# ...........#
...........#
...........#################
#.(..)cu....................
#.....†c(..((.............#
#....####+#.####'##.......#_
#... #u#.....+.......#. #.<
#@#.....#.......#. #.
#.#...<.#.......#. #
#.#######.......#. ...
............#8 ...
####....#.... ..##+
#....#.... .. #....###.. ###
#......#.. ###....#..


You could see a red ugly thing.

Vanquished Creatures
  Rupert (Lair:4)
  Maud (Lair:3)
  The ghost of DEFE the Eclecticist, a powerful DEFE of Vehumet (D:13)
  Gastronok (Lair:2)
  A minotaur (Lab)
  A vault guard (D:13)
  Josephine (D:13)
  7 hydras
  18 death yaks
  4 catoblepae
  2 fire crabs
  4 unseen horrors
  A flayed ghost (D:8)
  3 ice statues (IceCv)
  3 wizards
  5 necromancers
  2 griffons
  A moth of wrath (shapeshifter) (D:13)
  A wolf spider (Lair:6)
  3 manticores
  5 oklob plants
  A cyclops (D:12)
  6 hill giants
  11 ugly things
  14 elephants
  5 black mambas
  14 spiny frogs
  An orange crystal statue (D:15)
  2 gargoyles
  An efreet (D:11)
  3 kobold demonologists
  A fire drake (Lair:7)
  A jumping spider (Lair:6)
  6 komodo dragons
  4 yaktaurs
  7 trolls
  6 blue devils (IceCv)
  A polar bear (Lair:7)
  2 two-headed ogres (D:12)
  5 basilisks
  A slime creature (D:14)
  24 blink frogs
  48 yaks
  6 wraiths
  4 shadows
  18 humans
  2 fire bats (D:8)
  A wyvern (Lair:7)
  14 hippogriffs
  Eustachio (D:4)
  A hog (D:7)
  2 hungry ghosts
  8 porcupines
  Edmund (D:6)
  A mottled dragon (D:15)
  15 water moccasins
  6 wolves (Lair:2)
  2 phantoms
  A black bear (D:7)
  A necrophage (D:8)
  10 orc warriors
  13 ice beasts
  3 spiders (Lair:6)
  An eye of draining (D:10)
  7 ogres
  3 sky beasts
  8 crocodiles
  17 centaurs
  Sigmund (D:7)
  Duvessa (D:6)
  A wyvern zombie (D:11)
  5 big kobolds
  23 giant frogs
  A wyvern skeleton (D:10)
  4 scorpions
  8 killer bees (D:11)
  4 jellies
  A lava snake (Lair:5)
  2 electric eels
  Dowan (D:6)
  7 crimson imps
  3 draconian simulacra (IceCv)
  2 giant frog zombies
  8 centaur zombies
  16 orc priests
  Crazy Yiuf (D:7)
  2 giant frog skeletons
  9 hounds
  4 centaur skeletons
  2 human skeletons (D:13)
  A quasit (D:10)
  9 iguanas
  An iron imp (D:4)
  19 orc wizards
  3 troll simulacra (IceCv)
  14 worker ants
  20 sheep
  4 centaur simulacra
  Ijyb (D:3)
  A killer bee zombie (D:11)
  2 ogre skeletons (Lab)
  A hound skeleton (D:7)
  A hound zombie (D:5)
  3 mummies
  2 worker ant zombies
  18 adders
  69 river rats
  4 gnolls
  An ogre simulacrum (IceCv)
  7 shadow imps
  An orc skeleton (D:13)
  2 ufetubi (D:4)
  A worm (D:3)
  An adder zombie (D:7)
  8 giant geckos
  70 orcs
  A ball python (D:1)
  22 bats
  2 bat skeletons
  7 giant cockroaches
  13 hobgoblins
  8 jackals
  38 kobolds
  15 quokkas
  A giant gecko skeleton (D:5)
  8 giant newts
  A giant spore (D:12)
  22 goblins
  14 rats
  A rat zombie (D:3)
  5 ballistomycetes (D:12)
  2 fungi (Lair:7)
  3 plants (D:11)
909 creatures vanquished.

Vanquished Creatures (collateral kills)
  A troll (D:12)
  A hippogriff (D:12)
  A crimson imp (D:12)
  An orc (D:12)
  2 ballistomycetes (D:12)
6 creatures vanquished.

Vanquished Creatures (others)
  A vampire mosquito (D:12)
  3 giant spores
  4 fungi
  5 plants
13 creatures vanquished.

Grand Total: 928 creatures vanquished

Notes
Turn   | Place    | Note
--------------------------------------------------------------
     0 | D:1      | PolkaDot, the Draconian Monk, began the quest for the Orb.
     0 | D:1      | Reached XP level 1. HP: 19/19 MP: 1/1
   130 | D:1      | Reached XP level 2. HP: 20/26 MP: 2/2
   724 | D:2      | Reached XP level 3. HP: 29/31 MP: 3/3
  1353 | D:3      | Reached XP level 4. HP: 40/40 MP: 4/4
  1519 | D:3      | Found an opulent altar of Gozag.
  1524 | D:3      | Reached skill level 5 in Unarmed Combat
  1551 | D:3      | Noticed Ijyb
  1578 | D:3      | Gained mutation: Your magical capacity is low (-10% MP). [potion of mutation]
  1578 | D:3      | Gained mutation: You have sharp toenails. [potion of mutation]
  1578 | D:3      | Gained mutation: Your mind is acute. (Int +2) [potion of mutation]
  1600 | D:3      | Killed Ijyb
  1685 | D:3      | Reached XP level 5. HP: 42/46 MP: 4/4
  1994 | D:3      | HP: 2/47 [something/puff of flame (5)]
  2553 | D:3      | Noticed an ogre
  2566 | D:3      | Killed an ogre
  2566 | D:3      | Reached skill level 6 in Unarmed Combat
  2566 | D:3      | Reached XP level 6. HP: 22/53 MP: 2/5
  3180 | D:4      | Found a white marble altar of Elyvilon.
  3181 | D:4      | Found a stormy altar of Qazlal.
  3189 | D:4      | Noticed Eustachio
  3199 | D:4      | Reached skill level 5 in Fighting
  3226 | D:4      | Your scales start taking on an icy white colour.
  3226 | D:4      | Gained mutation: Your flesh is cold resistant. [draconian maturity]
  3226 | D:4      | Reached XP level 7. HP: 26/61 MP: 4/6
  3270 | D:4      | Killed Eustachio
  3270 | D:4      | Reached skill level 7 in Unarmed Combat
  3734 | D:4      | Got a pair of faintly humming boots
  3740 | D:4      | Identified the +2 pair of boots of Greater Demons {+Blink +Rage +Inv rC+ Regen+ Slay+4} (You found it on level 4 of the Dungeon)
  3920 | D:4      | Found a glowing golden altar of the Shining One.
  4017 | D:5      | Entered Level 5 of the Dungeon
  4022 | D:5      | Found a radiant altar of Vehumet.
  4184 | D:5      | Reached skill level 1 in Evocations
  4332 | D:5      | Reached XP level 8. HP: 70/70 MP: 9/9
  4385 | D:5      | Reached skill level 5 in Dodging
  4385 | D:5      | Reached skill level 8 in Unarmed Combat
  5066 | D:6      | Noticed Dowan
  5068 | D:6      | Noticed Duvessa
  5085 | D:6      | Killed Duvessa
  5095 | D:6      | Killed Dowan
  5179 | D:6      | Reached skill level 9 in Unarmed Combat
  5442 | D:6      | Noticed Edmund
  5451 | D:6      | Killed Edmund
  5469 | D:6      | Found a staircase to the Ecumenical Temple.
  5479 | Temple   | Entered the Ecumenical Temple
  5758 | D:6      | Found a shimmering altar of Xom.
  6178 | D:7      | Reached XP level 9. HP: 75/75 MP: 13/13
  6401 | D:7      | Reached skill level 10 in Unarmed Combat
  6472 | D:7      | Noticed Sigmund
  6484 | D:7      | Reached skill level 5 in Evocations
  6497 | D:7      | Killed Sigmund
  6727 | D:7      | Noticed Crazy Yiuf
  6733 | D:7      | Killed Crazy Yiuf
  7153 | D:7      | Found a shadowy altar of Dithmenos.
  7248 | D:7      | Reached skill level 11 in Unarmed Combat
  7251 | D:7      | Reached XP level 10. HP: 83/83 MP: 12/17
  7435 | D:8      | Found a shattered altar of Ashenzari.
  7947 | D:8      | Found an iron altar of Okawaru.
  7968 | D:8      | Got a steaming falchion
  7969 | D:8      | Identified the +1 falchion of the Whelk {holy, rC+ Str+3 Dex+4} (You found it on level 8 of the Dungeon)
  8214 | D:8      | Found a runed door.
  8220 | D:8      | Found a glowing golden altar of the Shining One.
  8281 | D:8      | Found a blossoming altar of Fedhas.
  8328 | D:8      | Found a white marble altar of Elyvilon.
  8362 | D:8      | Found a shimmering altar of Xom.
  8385 | D:8      | Found a white marble altar of Elyvilon.
  8489 | D:8      | Found a basalt altar of Yredelemnul.
  8508 | D:8      | Reached skill level 12 in Unarmed Combat
  8542 | D:8      | Noticed a flayed ghost
  8555 | D:8      | Killed a flayed ghost
  8604 | D:8      | Got a pitted bone ring
  8605 | D:8      | Identified the ring of Grut {Str+3 Slay+5} (You found it on level 8 of the Dungeon)
  9047 | D:9      | Found Ryepuk's Distillery.
  9348 | D:8      | Became a worshipper of Warmaster Okawaru
  9348 | D:8      | Acquired Okawaru's first power
  9620 | D:10     | Entered Level 10 of the Dungeon
  9661 | D:10     | Found a staircase to the Orcish Mines.
  9951 | D:10     | Learned a level 5 spell: Blade Hands
 10002 | D:10     | Found a portal to a secret trove of treasure.
 10053 | D:10     | Reached XP level 11. HP: 84/89 MP: 17/19
 10168 | D:10     | Noticed a hill giant
 10173 | D:10     | Killed a hill giant
 10732 | D:11     | Reached skill level 13 in Unarmed Combat
 11229 | D:11     | Noticed a wizard
 11243 | D:11     | Killed a wizard
 11369 | D:11     | Found a staircase to the Lair.
 11373 | D:11     | Noticed a wizard
 11383 | D:11     | Killed a wizard
 11523 | D:11     | Noticed an eight-headed hydra
 11559 | D:11     | Killed an eight-headed hydra
 11559 | D:11     | Reached skill level 1 in Transmutations
 11696 | D:11     | Reached skill level 14 in Unarmed Combat
 12041 | Lair:1   | Entered Level 1 of the Lair of Beasts
 12095 | Lair:1   | Found a frozen archway.
 12146 | IceCv    | Entered an ice cave
 12157 | IceCv    | Noticed an ice statue
 12157 | IceCv    | Noticed an ice statue
 12175 | IceCv    | Reached XP level 12. HP: 90/95 MP: 20/22
 12186 | IceCv    | Acquired Okawaru's second power
 12246 | IceCv    | Killed an ice statue
 12259 | IceCv    | Killed an ice statue
 12460 | IceCv    | Noticed an ice statue
 12473 | IceCv    | Killed an ice statue
 12473 | IceCv    | Reached skill level 10 in Evocations
 12475 | IceCv    | Noticed a necromancer
 12481 | IceCv    | Killed a necromancer
 12893 | Lair:1   | Received a gift from Okawaru
 13282 | Lair:1   | Reached skill level 15 in Unarmed Combat
 13476 | Lair:1   | You fall through a shaft!
 13488 | Lair:2   | Reached skill level 5 in Transmutations
 13664 | Lair:2   | Identified the Handbook of the Many Cities
 13883 | Lair:2   | Noticed Gastronok
 13895 | Lair:2   | Killed Gastronok
 14436 | Lair:3   | Learned a level 4 spell: Control Teleport
 14604 | Lair:3   | Reached XP level 13. HP: 102/102 MP: 20/24
 14624 | Lair:3   | Received a gift from Okawaru
 14804 | Lair:3   | Learned a level 2 spell: Blink
 15053 | Lair:3   | Noticed Maud
 15067 | Lair:3   | Killed Maud
 15856 | Lair:4   | Noticed Rupert
 15886 | Lair:4   | Killed Rupert
 15886 | Lair:4   | Reached skill level 16 in Unarmed Combat
 16022 | Lair:4   | Found a labyrinth entrance.
 16030 | Lab      | Entered a labyrinth
 16183 | Lab      | Identified the Catalogue of Feathers
 16195 | Lab      | Learned a level 1 spell: Apportation
 16218 | Lab      | Gained mutation: Your tail ends in a poisonous barb. [potion of mutation]
 16218 | Lab      | Lost mutation: Your magical capacity is low (-10% MP). [potion of mutation]
 17325 | Lair:4   | Received a gift from Okawaru
 19133 | Lair:5   | Reached XP level 14. HP: 85/108 MP: 29/29
 19142 | Lair:5   | Reached skill level 17 in Unarmed Combat
 19593 | Lair:6   | Found a staircase to the Shoals.
 19902 | Lair:6   | Found a hole to the Spider Nest.
 20011 | Lair:6   | Found a staircase to the Slime Pits.
 20011 | Lair:6   | Found a viscous altar of Jiyva.
 20799 | Lair:7   | Received a gift from Okawaru
 21281 | Lair:8   | Entered Level 8 of the Lair of Beasts
 22385 | Lair:8   | Reached skill level 18 in Unarmed Combat
 22396 | Lair:8   | Received a gift from Okawaru
 22445 | Lair:8   | Got a spiked hat {god gift}
 22451 | Lair:8   | Identified the -5 hat "Cohif" {god gift, -Cast +Rage +Inv rElec Slay-6} (Okawaru gifted it to you on level 8 of the Lair of Beasts)
 23136 | D:12     | Reached XP level 15. HP: 90/115 MP: 31/31
 23230 | D:12     | Noticed a hill giant
 23236 | D:12     | Killed a hill giant
 23594 | D:12     | Noticed a hill giant
 23602 | D:12     | Killed a hill giant
 23602 | D:12     | Reached skill level 10 in Transmutations
 23691 | D:12     | Killed an unseen horror
 24525 | D:13     | Found a gate to the Vaults.
 24651 | D:13     | Identified a scroll of acquirement
 24771 | D:13     | Noticed DEFE's ghost (powerful DEFE)
 24784 | D:13     | Killed DEFE's ghost
 25091 | D:13     | Noticed Josephine
 25105 | D:13     | Killed Josephine
 25623 | D:14     | Found a radiant altar of Vehumet.
 26157 | D:14     | Reached skill level 19 in Unarmed Combat
 26350 | D:15     | Entered Level 15 of the Dungeon
 26378 | D:15     | Found a gateway to a bazaar.
 26389 | Bazaar   | Entered a bazaar
 26415 | Bazaar   | Found Uzubri Hec's Armour Shoppe.
 26436 | Bazaar   | Found Taduamus' Jewellery Emporium.
 26436 | Bazaar   | Found Ruyngap's Distillery.
 26459 | Bazaar   | Found Qor Ulim's Antique Weapon Shoppe.
 26481 | Bazaar   | Found Cowea's Distillery.
 26481 | Bazaar   | Found Koibobaf's Assorted Antiques.
 26570 | Bazaar   | Bought the ring of the Centipede {+/*Tele rPois+ MP+9 Slay+4} for 364 gold pieces
 26979 | D:15     | Found a stormy altar of Qazlal.
 27029 | D:15     | Slain by a red ugly thing

Action                   |  1- 3 |  4- 6 |  7- 9 | 10-12 | 13-15 || total
-------------------------+-------+-------+-------+-------+-------++-------
Melee: Unarmed           |   156 |   260 |   410 |   803 |  1145 ||  2774
 Cast: Apportation       |       |       |       |       |     9 ||     9
       Blade Hands       |       |       |       |       |    11 ||    11
 Abil: Breathe Frost     |       |       |     4 |     6 |     3 ||    13
       Evoke Berserk Rag |       |       |     3 |     6 |    15 ||    24
       Evoke Blink       |       |       |       |       |     4 ||     4
       Evoke Invisibilit |       |       |       |       |     4 ||     4
       Turn Visible      |       |       |       |       |     2 ||     2
Evoke: Wand              |     4 |    10 |     1 |       |     8 ||    23
       Rod               |       |       |       |       |     3 ||     3
  Use: Potion            |       |     7 |     2 |     1 |    10 ||    20
       Scroll            |       |    12 |     3 |     8 |    17 ||    40
 Stab: Sleeping          |     1 |     2 |     3 |    19 |     8 ||    33
       Invisible         |       |       |       |       |    10 ||    10
       Petrified         |       |       |       |       |     1 ||     1
       Distracted        |       |       |       |       |     1 ||     1
  Eat: Chunk             |     2 |     6 |    15 |    28 |    51 ||   102
       Pizza             |       |       |       |     1 |     3 ||     4
       Fruit             |       |       |       |       |     5 ||     5
